 Dungeon Crawl Stone Soup version 0.20.0-10-g0535bb4 (webtiles) character file.

219 Gorglomux the Ruffian (level 5, -10/48 HPs)
             Began as an Ogre Transmuter on June 7, 2017.
             Killed from afar by Ijyb (21 damage)
             ... with a wand of acid (?/15)
             ... on level 3 of the Dungeon.
             The game lasted 00:07:17 (3339 turns).

Gorglomux the Ruffian (Ogre Transmuter)             Turns: 3339, Time: 00:07:18

Health: -10/48     AC: -2    Str: 14    XL:     5   Next: 96%
Magic:  1/8        EV: 19    Int: 15    God:
Gold:   106        SH:  0    Dex: 14    Spells: 2/8 levels left

rFire    . . .     SeeInvis .     - Unarmed
rCold    . . .     Gourm    .   (shield currently unavailable)
rNeg     . . .     Faith    .   (armour currently unavailable)
rPois    x         Spirit   .   (helmet currently unavailable)
rElec    .         Reflect  .   (cloak currently unavailable)
rCorr    .         Harm     .   (gloves unavailable)
MR       .....                  (boots unavailable)
Stlth    +.........             (no amulet)
Regen    0.2/turn               (no ring)
MPRegen  0.2/turn               (no ring)

@: spider-form, corroded
A: unfitting armour
a: End Transformation


You were on level 3 of the Dungeon.
You were hungry.
You were a venomous arachnid creature.
You visited 1 branch of the dungeon, and saw 3 of its levels.

You collected 106 gold pieces.

Inventory:

Missiles
 a - 55 arrows
Armour
 b - a +0 robe (melded)
 C - a scarf of cloud immunity (melded)
Wands
 E - a wand of enslavement (15/24)
Scrolls
 g - 6 scrolls of remove curse {unknown}
 i - a scroll of magic mapping {unknown}
 m - a scroll of identify {unknown}
 o - a scroll of enchant weapon {unknown}
 B - a scroll of blinking {unknown}
Potions
 h - a potion of ambrosia {unknown}
 j - a potion of berserk rage
 l - a potion of might {unknown}
 A - a potion of brilliance {unknown}
Books
 c - a book of Changes

   Spells                             Type                      Level
   a - Beastly Appendage              Transmutation                1
   b - Sticks to Snakes               Transmutation                2
   c - Spider Form                    Transmutation/Poison         3
   d - Ice Form                       Ice/Transmutation            4
   e - Blade Hands                    Transmutation                5
Comestibles
 d - a bread ration
 k - 3 royal jellies
 z - a meat ration
 D - 11 chunks of flesh


   Skills:
 - Level 1.3 Fighting
 - Level 1.7 Dodging
 + Level 4.5 Unarmed Combat
 - Level 2.4 Spellcasting
 + Level 3.9 Transmutations


You had 2 spell levels left.
You knew the following spells:

 Your Spells              Type           Power        Failure   Level  Hunger
a - Beastly Appendage     Tmut           ##....       13%         1    #......
b - Sticks to Snakes      Tmut           ##......     17%         2    ###....
c - Spider Form           Tmut/Pois      #.........   50%         3    ###....


Dungeon Overview and Level Annotations

Branches:
Dungeon (3/15)

Altars:

Annotations:
D:3 Ijyb


Innate Abilities, Weirdness & Mutations

You are too large for most types of armour.
((You have tough skin. (AC +1)))


Message History

A goblin and Ijyb come into view.
Ijyb shouts!
There is a large open door here.
Unknown command.
Ijyb zaps a wand.
The bolt of acid hits you! The acid corrodes you!
You are splashed with acid!
The acid burns!
* * * LOW HITPOINT WARNING * * *
It is a wand of acid (?/15).
Unknown command.
The goblin shouts!
You hit the goblin.
You kill the goblin!
Casting: Spider Form
Confirm with . or Enter, or press ? or * to list all spells.
You create a snake!
You now have 56 arrows.
Casting: Sticks to Snakes
Confirm with . or Enter, or press ? or * to list all spells.
You create a snake!
You now have 55 arrows.
Ijyb zaps a wand.
The bolt of acid hits you!
You die...

#################
#......#...#..≈≈##
#......'..('..≈≈≈.
#......#...#).≈≈≈#
#'S##..#########≈≈
#s..#..........#≈≈
#)..#..........'..
#g.S#.......)..'..
#g..#.......)..'..
#...#..........#≈≈
#...#..#########≈≈
#...#..#...#..≈≈≈.
##+##..÷...'..≈≈≈#
####...#..≈≈##


You could see Ijyb, a goblin, a friendly water moccasin and a friendly ball
python.

Vanquished Creatures
  The ghost of DogShitOnMyToe the Chopper, an amateur DsFi (D:3)
  3 adders
  2 worms
  A dart slug (D:1)
  3 leopard geckos (D:2)
  A ball python (D:1)
  3 giant cockroaches
  14 hobgoblins
  9 jackals
  5 kobolds (D:1)
  A quokka (D:2)
  6 bats
  3 frilled lizards (D:2)
  12 goblins
  8 rats
72 creatures vanquished.

Vanquished Creatures (collateral kills)
  Terence (D:1)
  A worm (D:2)
  A frilled lizard (D:1)
3 creatures vanquished.

Grand Total: 75 creatures vanquished

Notes
Turn   | Place    | Note
-------+----------+-------------------------------------------
     0 | D:1      | Gorglomux the Ogre Transmuter began the quest for the Orb.
     0 | D:1      | Reached XP level 1. HP: 19/19 MP: 3/3
   193 | D:1      | Reached skill level 3 in Unarmed Combat
   193 | D:1      | Reached XP level 2. HP: 21/27 MP: 3/5
   364 | D:1      | Learned a level 2 spell: Sticks to Snakes
   866 | D:1      | Reached XP level 3. HP: 33/33 MP: 4/6
  1345 | D:2      | Noticed Terence
  1449 | D:1      | Killed Terence
  1449 | D:1      | Reached XP level 4. HP: 7/41 MP: 2/7
  1450 | D:1      | Reached skill level 3 in Transmutations
  1468 | D:1      | Learned a level 3 spell: Spider Form
  2898 | D:3      | Reached skill level 4 in Unarmed Combat
  2898 | D:3      | Reached XP level 5. HP: 22/48 MP: 0/8
  3264 | D:3      | Noticed DogShitOnMyToe's ghost (amateur DsFi)
  3272 | D:3      | Killed DogShitOnMyToe's ghost
  3335 | D:3      | Noticed Ijyb
  3339 | D:3      | Killed from afar by Ijyb

Skill      XL: |  1  2  3  4 |
---------------+-------------+-----
Transmutations | 2 3 |  3.9
Unarmed Combat | 3 4 |  4.5
Fighting       | |  1.3
Dodging        | |  1.7
Spellcasting   | |  2.4

Action                   |  1- 3 |  4- 6 || total
-------------------------+-------+-------++-------
Melee: Unarmed           |   118 |   151 ||   269
       Kick              |    10 |     3 ||    13
       Headbutt          |     5 |       ||     5
       Punch             |     2 |       ||     2
 Cast: Beastly Appendage |    22 |     2 ||    24
       Sticks to Snakes  |     3 |     2 ||     5
       Spider Form       |       |    15 ||    15
  Use: Potion            |       |     1 ||     1
 Stab: Sleeping          |       |     1 ||     1
  Eat: Chunk             |     2 |     9 ||    11
Armor: Robe              |    33 |    45 ||    78
       Skin              |       |     6 ||     6
Dodge: Dodged            |    59 |    98 ||   157
